 Dungeon Crawl Stone Soup version 0.17-a0-1105-gbe8b664 (webtiles) character file.

1449 Grimpse the Protected (level 8, -4/74 HPs)
             Began as a Minotaur Fighter on May 22, 2015.
             Splashed by a jelly's acid (14 damage)
             ... on level 5 of the Dungeon.
             The game lasted 00:22:56 (5195 turns).

Grimpse the Protected (Minotaur Fighter)            Turns: 5195, Time: 00:23:02

Health: -4/74      AC: -25   Str: 24      XL:     8   Next: 46%
Magic:  11/11      EV: 10    Int:  5      God:
Gold:   235        SH: 11    Dex:  8 (9)  Spells: 0 memorised, 13 levels left

rFire  . . .     SeeInvis .     i - +1 spear (venom)
rCold  . . .     Clarity  .     b - +1 scale mail
rNeg   . . .     SustAb   .     c - +0 shield
rPois  .         Gourm    .     (helmet restricted)
rElec  .         Spirit   .     (no cloak)
rCorr  .         Warding  .     (no gloves)
rMut   .         Stasis   .     (no boots)
MR     .....                    (no amulet)
Stlth  ++........               (no ring)
                                f - ring of stealth

@: corroded equipment, not resistant to hostile enchantments, unstealthy
A: retaliatory headbutt, horns 2
a: no special abilities


You were on level 5 of the Dungeon.
You were not hungry.

You visited 1 branch of the dungeon, and saw 5 of its levels.

You collected 440 gold pieces.
You spent 205 gold pieces at shops.

Inventory:

Hand weapons
 i - a +1 spear of venom (weapon)
 s - the +5 hand axe of Epio {flame, rPois}
   (You found it on level 4 of the Dungeon)

   It has been specially enchanted to burn those struck by it, causing extra
   injury to most foes and up to half again as much damage against particularly
   susceptible opponents.
   Big, fiery blades are also staple armaments of hydra-hunters.
   It protects you from poison.
Armour
 b - a +1 scale mail (worn)
 c - a +0 shield (worn)
Jewellery
 f - a ring of stealth (left hand)
Magical devices
 h - a wand of random effects (3)
Scrolls
 a - a scroll of blinking {unknown}
 e - a scroll of teleportation
 g - 6 scrolls of identify
Comestibles
 d - a meat ration
 p - 5 bread rations


   Skills:
 + Level 8.0 Fighting
 + Level 1.4(4.9) Axes
   Level 7.4(7.5) Maces & Flails
 + Level 0.2(1.0) Polearms
 + Level 8.8 Armour
 + Level 3.5 Dodging
 + Level 4.5 Stealth
 + Level 8.5 Shields
 + Level 3.3 Spellcasting


You had 13 spell levels left.
You didn't know any spells.

Dungeon Overview and Level Annotations

Branches:
Dungeon (5/15)
 Temple: D:4-7

Altars:
Fedhas
Xom

Shops:
D:5 *=%(}


Innate Abilities, Weirdness & Mutations

You reflexively headbutt those who attack you in melee.
You have a pair of horns on your head.


Message History

You kill the jelly!
A jelly comes into view.
There is an open door here.
The jelly quivers.
You hit the jelly.
The jelly is lightly wounded.
The jelly closely misses you.
You hit the jelly.
The jelly is poisoned.
The acid corrodes your equipment!
You headbutt the jelly.
The jelly is moderately wounded.
The jelly hits you.
You are splashed with acid!
The acid burns!
* * * LOW HITPOINT WARNING * * *
You hit the jelly but do no damage. The acid corrodes your equipment!
You headbutt the jelly.
The jelly is moderately wounded.
You hear a distant slurping noise.
The jelly hits you.
* * * LOW HITPOINT WARNING * * *
You are splashed with acid!
The acid corrodes your equipment!
The acid burns!
You die...

+...+.....'.........#........#
###.#.....#.###.##+##........##
#####'##...##)###.#......#+##+#..
...'...+...+.))..........'.'.....
#'###..#...##.###.#......#+##'###
#.###..#....#.#.....####.......##
.......#....+.......+..'.........
.......+....#.#.J...##.#....(....
####..##.>..#+#.@.####.#....#####
..##+##.....................# ..+
+...........#≈≈≈.....(#
..###+#.......∩#'##.≈.≈.....#####
...............+....._......#.#..
.......##.#....#....≈≈≈.....'.#..
.......'..#....#.....≈......#.'..
.......#..+....#.##.#..#....#'###
#...#'###+#....#+##.##.##.#......


You could see a jelly.

Vanquished Creatures
  The ghost of Grimpse the Shield-Bearer, an average MiFi of Makhleb (D:3)
  A gnoll sergeant (D:5)
  A scorpion (D:5)
  2 jellies (D:5)
  5 orc priests
  4 orc wizards
  2 hounds (D:4)
  An iguana (D:5)
  3 worker ants
  6 gnolls (D:5)
  5 adders
  2 worms
  2 giant geckos
  7 orcs
  11 bats
  4 giant cockroaches
  6 hobgoblins
  19 jackals
  A quokka (D:2)
  3 ball pythons
  6 giant newts
  11 goblins
  7 kobolds
  3 rats
113 creatures vanquished.

Notes
Turn   | Place    | Note
--------------------------------------------------------------
     0 | D:1      | Grimpse the Minotaur Fighter began the quest for the Orb.
     0 | D:1      | Reached XP level 1. HP: 19/19 MP: 0/0
   182 | D:1      | Reached XP level 2. HP: 20/27 MP: 1/1
   315 | D:1      | Reached skill level 4 in Shields
   776 | D:2      | Reached XP level 3. HP: 30/33 MP: 2/2
  1012 | D:2      | Found a blossoming altar of Fedhas.
  1520 | D:3      | Noticed Grimpse's ghost (average MiFi)
  1526 | D:3      | Reached XP level 4. HP: 26/40 MP: 3/3
  1538 | D:3      | HP: 1/40 [Grimpse's ghost (5)]
  1847 | D:3      | Killed Grimpse's ghost
  1847 | D:3      | Reached skill level 1 in Dodging
  1847 | D:3      | Reached XP level 5. HP: 30/47 MP: 4/4
  2227 | D:3      | Found a shimmering altar of Xom.
  2504 | D:4      | Reached skill level 5 in Armour
  2509 | D:4      | Reached skill level 5 in Shields
  2509 | D:4      | Reached XP level 6. HP: 43/55 MP: 5/5
  3181 | D:4      | Got a faintly glowing hand axe
  3182 | D:4      | Identified the +5 hand axe of Epio {flame, rPois} (You found it on level 4 of the Dungeon)
  3315 | D:4      | Reached skill level 5 in Fighting
  3528 | D:5      | Entered Level 5 of the Dungeon
  3528 | D:5      | Found Ruuc's Food Boutique.
  3538 | D:5      | Bought a royal jelly for 20 gold pieces
  3538 | D:5      | Bought a royal jelly for 20 gold pieces
  3538 | D:5      | Bought a slice of pizza for 15 gold pieces
  3538 | D:5      | Bought a bread ration for 50 gold pieces
  3538 | D:5      | Bought a bread ration for 50 gold pieces
  3538 | D:5      | Bought a bread ration for 50 gold pieces
  3555 | D:5      | Found Baosmior's Weapon Shoppe.
  3664 | D:5      | Found Pengax's Jewellery Boutique.
  3747 | D:5      | Found Pucelu's General Store.
  3822 | D:5      | Reached XP level 7. HP: 61/61 MP: 6/6
  3827 | D:5      | Reached skill level 6 in Armour
  4078 | D:5      | Reached skill level 8 in Fighting
  4078 | D:5      | Reached XP level 8. HP: 66/74 MP: 6/11
  4259 | D:5      | Found Gial's Gadget Emporium.
  4269 | D:5      | Found a blossoming altar of Fedhas.
  4564 | D:5      | Reached skill level 1 in Axes
  4610 | D:5      | HP: 3/74 [gnoll sergeant/spear of venom (3)]
  4611 | D:5      | HP: 1/74 [poisoned by a gnoll sergeant]
  4648 | D:4      | HP: 3/74 [poisoned by a gnoll sergeant]
  4656 | D:4      | HP: 3/74 [poisoned by a gnoll sergeant]
  5195 | D:5      | Splashed by a jelly's acid

Vault maps used:
D:1:      dpeg_arrival_three_same_balls
D:2:      overflow_temple_1_default
D:3:      mrwooster_statue_mirror, xom_teletrap_fun
D:4:      kennysheep_cross_bottleneck, grunt_ministairs_6, small_statue_alley_b
D:5:      kennysheep_little_box, first_bread, serial_shops,
          nicolae_shop_waterfront, shop, shop, shop_coins, nicolae_shop_crystal,
          fedhas_altar_2

Action                   |  1- 3 |  4- 6 |  7- 9 || total
-------------------------+-------+-------+-------++-------
Melee: Flail             |   114 |    63 |       ||   177
       Hand axe          |       |    25 |    26 ||    51
       Short sword       |       |    24 |       ||    24
       Whip              |       |     3 |    14 ||    17
       Spear             |       |       |    21 ||    21
  Use: Potion            |       |     1 |     7 ||     8
       Scroll            |       |       |     7 ||     7
  Eat: Chunk             |     1 |     1 |       ||     2
       Bread ration      |       |     1 |       ||     1
       Beef jerky        |       |     1 |       ||     1
       Royal jelly       |       |       |     2 ||     2
       Pizza             |       |       |     1 ||     1
